 Dungeon Crawl Stone Soup version 0.30-a0-1043-g60ff8d5f49 (webtiles) character file.

Game seed: 5982280918637373817

1173 waylaid77 the Slasher (level 8, 0/60 HPs)
             Began as a Human Gladiator on Apr 10, 2023.
             Was a Believer of Okawaru.
             Killed from afar by a steam dragon (17 damage)
             ... with a ball of steam
             ... on level 6 of the Dungeon.
             The game lasted 01:07:34 (4030 turns).

waylaid77 the Slasher (Human Gladiator)             Turns: 4030, Time: 01:07:34

Health: 0/60       AC: 13    Str: 16 (17) XL:     8   Next: 68%
Magic:  8/8        EV:  9    Int:  6 (9)  God:    Okawaru [**....]
Gold:   250        SH:  0    Dex: 25 (26) Spells: 6/7 levels left

rFire   . . .      SeeInvis .    t - +0 great sword
rCold   . . .      Faith    .    (shield currently unavailable)
rNeg    . . .      Spirit   .    f - +1 chain mail
rPois   .          Reflect  .    c - +0 helmet
rElec   .          Rampage  .    (no cloak)
rCorr   .                        (no gloves)
Will    .....                    i - +0 pair of boots Stlth
                                 (no amulet)
HPRegen 0.30/turn                u - +6 ring of dexterity
MPRegen 0.11/turn                s - +6 ring of dexterity

@: unable to drink
A: hooves 1, shaggy fur 1, inability to drink after injury 1
a: Renounce Religion, Heroism


You were on level 6 of the Dungeon.
You worshipped Okawaru.
Okawaru was pleased with you.
You visited 1 branch of the dungeon, and saw 6 of its levels.
You also visited: Sewer.

You collected 250 gold pieces.

Inventory:

Hand Weapons
 a - a +0 trident
 j - a +0 long sword
 m - a +0 sling
 n - a +0 dagger
 p - a +0 dagger
 q - a +0 hand axe
 t - a +0 great sword (weapon)
 v - a +1 dagger of electrocution
Missiles
 l - 25 stones (quivered)
 o - 13 poisoned darts
 F - a javelin
Armour
 b - a +0 leather armour
 c - a +0 helmet (worn)
 d - a +0 animal skin
 e - a +0 animal skin
 f - a +1 chain mail (worn)
 i - a +0 pair of boots (worn)
Jewellery
 s - a +6 ring of dexterity (right hand)
 u - a +6 ring of dexterity (left hand)
Scrolls
 g - a scroll of identify
 k - 2 scrolls of teleportation
 r - a scroll of blinking
 E - a scroll of immolation {unknown}
 G - a scroll of noise {unknown}
 H - a scroll of magic mapping {unknown}
Potions
 h - a potion of curing
 x - a potion of ambrosia
 z - 2 potions of cancellation {unknown}
 I - 2 potions of magic


   Skills:
 + Level 4.0 Fighting
 + Level 6.5 Long Blades
 + Level 3.3 Polearms
 + Level 2.9 Throwing
 + Level 3.2 Armour
 + Level 3.7 Dodging
 + Level 0.1 Stealth
 * Level 3.1 Conjurations


You had 6 spell levels left.
You knew the following spells:

 Your Spells              Type           Power      Damage    Failure   Level
a - Foxfire               Conj/Fire      4%         2x1d4     97%         1

Your spell library contained the following spells:

 Spells                   Type           Power      Damage    Failure   Level
 Inner Flame              Hex/Fire       0%         N/A       100%        3
 Flame Wave               Conj/Fire      1%         2d4       100%        4
 Sticky Flame             Conj/Fire      1%         2d3       100%        4
 Fireball                 Conj/Fire      0%         3d3       100%        5
 Plasma Beam              Fire/Air       0%         2x1d11    100%        6
 Starburst                Conj/Fire      0%         6d3       100%        6


Dungeon Overview and Level Annotations

Branches:
Dungeon (6/15)              Sewer (visited)
 Temple: D:4-7

Altars:
Cheibriados
Okawaru
Trog
Uskayaw

Shops:
D:1 [   D:2 !   D:6 *

Annotations:
D:5 2 runed translucent doors, SingularityParadox's ghost, novice MiFi


Innate Abilities, Weirdness & Mutations

You have large cloven feet.
You are covered in fur. (AC +1)
You occasionally lose the ability to drink potions when taking damage.


Message History

The phantom is severely damaged.
The phantom barely misses you.
You barely miss the phantom.
The phantom is severely damaged.
The phantom hits you but does no damage.
The phantom hits you.
You closely miss the phantom.
The phantom is severely damaged.
The phantom hits you.
* * * LOW HITPOINT WARNING * * *
The phantom blinks!
You blink.
Splash!
You fall into the shallow water.
Moving in this stuff is going to be slow.
The phantom hits you but does no damage.
The phantom closely misses you.
You hit the phantom but do no damage.
The phantom is severely damaged.
The phantom hits you.
* * * LOW HITPOINT WARNING * * *
The phantom blinks!
You blink.
Splash!
You fall into the shallow water.
Moving in this stuff is going to be slow.
You closely miss the phantom.
The phantom is severely damaged.
The phantom hits you but does no damage.
You slice the phantom!!
You destroy the phantom!
Okawaru accepts your kill.
You feel your strength returning.
Your Fighting skill increases to level 4!
The steam dragon breathes steam at you. The ball of steam hits you.
You are engulfed in a cloud of scalding steam.
* * * LOW HITPOINT WARNING * * *
The steam dragon breathes steam at you. The ball of steam hits you!
You feel threatened and lose the ability to drink potions!
You die...

.... .# ..##.# ##.....
##...... #####
#######.......
#####~~≈###...##........
#.....≈≈≈≈..............
#......8~≈~...#.........
#......@D~≈≈....#.......
##....###≈≈~~...........
#### ##≈≈≈...........
##≈##..........
####..........
.......... ..........
......8.8. ..........


You could see a steam dragon (catching breath).

Vanquished Creatures
  An ice beast (D:6)
  An ogre (D:6)
  3 phantoms
  3 scorpions
  3 hounds
  3 jellies
  An orc wizard (D:4)
  An iguana (D:6)
  7 gnolls
  13 adders
  5 river rats
  A white imp (D:5)
  2 ufetubi (D:5)
  3 worms
  6 orcs
  11 endoplasms
  2 giant cockroaches
  6 goblins
  6 hobgoblins
  8 jackals
  9 kobolds
  2 quokkas
  14 ball pythons
  4 bats (D:2)
  8 frilled lizards
  8 rats
131 creatures vanquished.

Notes
Turn   | Place    | Note
-------+----------+-------------------------------------------
     0 | D:1      | waylaid77 the Human Gladiator began the quest for the Orb.
     0 | D:1      | Reached XP level 1. HP: 16/16 MP: 1/1
   180 | D:1      | Reached XP level 2. HP: 22/22 MP: 2/2
   284 | D:1      | Found Epaulueg's Armour Shop.
   581 | D:2      | Reached XP level 3. HP: 27/27 MP: 3/3
   674 | D:2      | Reached skill level 1 in Armour
   735 | D:2      | Reached XP level 4. HP: 27/34 MP: 4/4
   745 | D:2      | Reached skill level 1 in Long Blades
   938 | D:2      | Learned a level 1 spell: Foxfire
  1180 | D:2      | Found Ojoephir's Distillery.
  1266 | D:3      | Found a faded altar of an unknown god.
  1400 | D:3      | Gained mutation: You are vulnerable to cold. (rC-) [potion
                  | of mutation]
  1400 | D:3      | Gained mutation: Your magical capacity is low. (-10% MP)
                  | [potion of mutation]
  1472 | D:3      | Found a snail-covered altar of Cheibriados.
  1472 | D:3      | Found an iron altar of Okawaru.
  1486 | D:3      | Became a worshipper of Warmaster Okawaru
  1667 | D:3      | Reached skill level 2 in Long Blades
  1766 | D:3      | Reached XP level 5. HP: 39/39 MP: 4/4
  1995 | D:4      | Reached skill level 3 in Long Blades
  1997 | D:4      | Reached XP level 6. HP: 36/46 MP: 5/5
  2032 | D:4      | Reached skill level 4 in Long Blades
  2205 | D:4      | Found a glowing drain.
  2218 | Sewer    | Entered a sewer
  2344 | Sewer    | Lost mutation: Your magical capacity is low. (-10% MP)
                  | [potion of mutation]
  2344 | Sewer    | Lost mutation: You are vulnerable to cold. (rC-) [potion of
                  | mutation]
  2344 | Sewer    | Gained mutation: You have large cloven feet. [potion of
                  | mutation]
  2344 | Sewer    | Gained mutation: You occasionally lose the ability to drink
                  | potions when taking damage. [potion of mutation]
  2344 | Sewer    | Gained mutation: You are covered in fur. (AC +1) [potion of
                  | mutation]
  2411 | Sewer    | Reached XP level 7. HP: 36/52 MP: 7/7
  2412 | Sewer    | Reached * piety under Okawaru
  2414 | Sewer    | Found a viscous altar of Jiyva.
  2566 | D:4      | Reached skill level 5 in Long Blades
  2566 | D:4      | Reached skill level 1 in Conjurations
  2625 | D:4      | Noticed a +0 spear
  2625 | D:4      | Noticed a +0 short sword
  2625 | D:4      | Noticed a +0 falchion
  2625 | D:4      | Noticed a +0 short sword
  2626 | D:4      | Noticed a +0 falchion
  2626 | D:4      | Noticed a +0 spear
  2627 | D:4      | Noticed a +0 dagger
  2628 | D:4      | Noticed a +0 dagger
  2651 | D:4      | Found a hide-covered altar of Uskayaw.
  2827 | D:5      | Entered Level 5 of the Dungeon
  2953 | D:5      | Found a bloodstained altar of Trog.
  3050 | D:5      | Found a runed translucent door.
  3053 | D:5      | Noticed SingularityParadox's ghost (novice MiFi)
  3220 | D:5      | Reached XP level 8. HP: 58/58 MP: 8/8
  3268 | D:5      | Found a runed translucent door.
  3623 | D:6      | Found Tesol's Assorted Antiques.
  3685 | D:6      | Reached ** piety under Okawaru
  3686 | D:6      | Reached skill level 6 in Long Blades
  4030 | D:6      | Killed from afar by a steam dragon

Illustrated notes

Levels and vault maps discovered:
D:1:      dpeg_arrival_brainrot, layout_basic, serial_shops, shop_fountains
D:2:      layout_loops_ring, serial_shops, nicolae_shop_hallway_plus,
          dreamdust_princess_bridge, minmay_quantized
D:3:      layout_basic, nicolae_overflow_two_pavilions,
          nicolae_ecumenical_pavilion
D:4:      layout_loops_corners, nicolae_uskayaw_en_pointe,
          lightli_sewer_entry_pipes
D:5:      layout_gridville, trog_hazing_becter, ebering_ghost_reflecting_pool,
          lightli_church_of_beogh
D:6:      layout_cave_pools, nzn_wu_jian_council_hall, serial_shops,
          nicolae_shop_hallway_stairs, shop, nicolae_shop_advertising_works
          [nicolae_subvault_shop_adworks], nicolae_shop_trees,
          serial_column_ruins, column_ruins_hut_water,
          column_ruins_corridor_dead_end, column_ruins_open_small,
          column_ruins_columns_straight, column_ruins_columns_water,
          column_ruins_corridor_corner

Skill      XL: |  1  2  3  4  5  6  7  8 |
---------------+-------------------------+-----
Armour         | 1 2 3 |  3.2
Long Blades    | 2 3 4 5 6 |  6.5
Fighting       | 3 4 |  4.0
Conjurations   | 2 3 |  3.1
Polearms       | |  3.3
Throwing       | |  2.9
Dodging        | |  3.7
Stealth        | |  0.1

Action                     |  1- 3 |  4- 6 |  7- 9 || total
---------------------------+-------+-------+-------++-------
  Melee: Trident           |    19 |       |       ||    19
         Long sword        |    66 |    47 |       ||   113
         Great sword       |       |   160 |   145 ||   305
  Throw: Throwing net      |     4 |     1 |     1 ||     6
         Javelin           |     2 |     2 |     1 ||     5
         Stone             |       |     1 |    34 ||    35
 Invoke: Heroism           |       |       |     1 ||     1
    Use: Potion            |       |     5 |     7 ||    12
         Scroll            |       |       |    11 ||    11
 Armour: Chain mail        |    79 |   188 |   119 ||   386
         Leather armour    |     2 |       |       ||     2
  Dodge: Dodged            |    27 |   117 |   113 ||   257

Table legend: (Time is in decaauts)
 A = Elapsed time spent in this place.
 B = Non-inter-level travel time spent in this place.
 C = Inter-level travel time spent in this place.
 D = Time resting spent in this place.
 E = Time spent auto-exploring this place.
 F = Levels seen in this place.
 G = Mean time per level.
                   A        B        C        D        E       F      G
               +--------+--------+--------+--------+--------+-----+--------+
         Total |   4282 |   4282 |      0 |      0 |      0 |   7 |  611.7 |
       Dungeon |   3915 |   3915 |      0 |      0 |      0 |   6 |  652.5 |
         Sewer |    367 |    367 |      0 |      0 |      0 |   1 |  367.0 |
               +--------+--------+--------+--------+--------+-----+--------+

Top non-repeatable levels by time:
     D:5: 817 daAuts
     D:4: 750 daAuts
     D:2: 718 daAuts
     D:3: 629 daAuts
     D:1: 591 daAuts
     D:6: 407 daAuts
   Sewer: 367 daAuts
